 Dungeon Crawl Stone Soup version 0.31-a0-152-g6aa68a64a1 (webtiles) character file.

Game seed: 13426238670233545351

8759 qw the Cleaver (level 11, 0/71 HPs)
             Began as a Gargoyle Fighter on June 10, 2023.
             Was an Elder of Okawaru.
             Slain by a komodo dragon (11 damage)
             ... on level 9 of the Dungeon.
             The game lasted 00:03:47 (7946 turns).

qw the Cleaver (Gargoyle Fighter)                   Turns: 7946, Time: 00:03:47

Health: 0/71       AC: 25    Str: 24    XL:     11   Next: 35%
Magic:  14/15      EV: 11    Int:  9    God:    Okawaru [****..]
Gold:   542        SH: 11    Dex:  9    Spells: 10/10 levels left

rFire   . . .        Y - +2 broad axe (heavy)
rCold   + . .        c - +0 buckler
rNeg    + . .        s - +0 chain mail
rPois   inf          i - +0 helmet
rElec   +            (no cloak)
rCorr   .            u - +0 pair of gloves
SInv    +            p - +0 pair of boots
Will    .....        h - amulet of reflection Stlth
                     k - ring of see invisible
HPRegen 0.31/turn    r - ring of protection from cold
MPRegen 0.14/turn

%: reflection
@: heroic
A: sickness immunity, AC +8, negative energy resistance 1, electricity
resistance, torment resistance 1, petrification resistance
a: Renounce Religion, Heroism, Finesse


You were on level 9 of the Dungeon.
You worshipped Okawaru.
Okawaru was greatly pleased with you.
You visited 2 branches of the dungeon, and saw 10 of its levels.

You collected 542 gold pieces.


Innate Abilities, Weirdness & Mutations

You are immune to sickness and miasma.
Your stone body is resilient. (AC +8)
You are immune to poison.
You resist negative energy. (rN+)
You are resistant to electric shocks. (rElec)
You are resistant to unholy torment.
You are immune to petrification.


   Skills:
 - Level 9.1(14.1) Fighting
 + Level 11.0(16.0) Axes
 - Level 3.0(8.0) Throwing
 - Level 7.0(12.0) Armour
 - Level 2.3(7.3) Dodging
 - Level 6.2(11.2) Shields
 + Level 5.4 Invocations


You had 10 spell levels left.
You didn't know any spells.
Your spell library was empty.

Inventory:

Hand Weapons
 b - a +0 morningstar
 Y - a +2 heavy broad axe (weapon)
Armour
 c - a +0 buckler (worn)
 e - +1 acid dragon scales
 g - a +2 robe of resistance
 i - a +0 helmet (worn)
 p - a +0 pair of boots (worn)
 s - a +0 chain mail (worn)
 u - a +0 pair of gloves (worn)
Jewellery
 h - an amulet of reflection (around neck)
 j - a ring of willpower
 k - a ring of see invisible (left hand)
 r - a ring of protection from cold (right hand)
Scrolls
 a - a scroll of identify
 m - a scroll of enchant weapon {unknown}
 q - 8 scrolls of teleportation
Potions
 d - 2 potions of might
 f - a potion of curing
 l - a potion of attraction
 n - a potion of cancellation
 o - a potion of resistance

Dungeon Overview and Level Annotations

Branches:
Dungeon (9/15)             Temple (1/1) D:4            Lair (0/5) D:9
    Orc: D:9-12

Altars:
Ashenzari
Cheibriados
Dithmenos
Elyvilon
Fedhas
Gozag
Hepliaklqana
Kikubaaqudgha
Makhleb
Nemelex Xobeh
Okawaru
Qazlal
Ru
Sif Muna
Uskayaw
Vehumet
Wu Jian
Xom
Yredelemnul
Zin
The Shining One

Shops:
D:1 =?

Annotations:
D:1 2 transporters
D:3 1 runed translucent door, Crazy Yiuf


Message History

You slash the orc!
You kill the orc!
Okawaru accepts your kill.
The orc priest hits the plant with a +0 trident.
The plant begins to die.
The orc priest hits the plant with a +0 trident.
You slash the howler monkey!
The howler monkey is almost dead.
The howler monkey hits you but does no damage.
The howler monkey hoots and howls with incredible vigour! x2
The orc priest hits the plant with a +0 trident.
You closely miss the howler monkey.
The howler monkey is almost dead.
The howler monkey hits you.
You closely miss the howler monkey.
The howler monkey is almost dead.
A nearby plant withers and dies.
The howler monkey hits you but does no damage.
The howler monkey barely misses you.
You hit the howler monkey.
The howler monkey is almost dead.
The orc wizard mumbles some strange words.
The orc wizard flickers and vanishes for a moment.
The orc priest calls down the wrath of Beogh upon you.
Beogh smites you!
The howler monkey completely misses you.
You slice the howler monkey!!
You kill the howler monkey!
Okawaru accepts your kill.
You slash the komodo dragon!
The komodo dragon is moderately wounded.
You block the komodo dragon's attack.
The orc priest mumbles some strange prayers to Beogh against you.
Beogh smites you!
You slice the komodo dragon!!
The komodo dragon is severely wounded.
The komodo dragon closely misses you.
The orc priest invokes the aid of Beogh against you.
Beogh smites you! The komodo dragon bites you!
You die... ####### #### ##.....## PPPP ##.......## PPP.. #.........# ..P.P #..<......# >..P.. #.........# ..P...### #.........# P...ool.## #.........# P...$o#@.## ##.........
PP.o. ##..####.........# Pooh

##..............#
...
#.#............#
Ph
#..#........^....
.
#.##.............
.. #..)))......##
###
#.............
#...#.########


You could see a komodo dragon, an orc priest and an orc wizard (invisible).

Vanquished Creatures
  A centaur warrior (D:8)
  Maggie (D:6)
  A troll (D:9)
  3 slime creatures (D:6)
  Sigmund (D:3)
  19 yaks (D:9)
  2 wyverns
  Eustachio (D:5)
  A steam dragon (D:7)
  Menkaure (D:5)
  Duvessa (D:5)
  2 orc warriors
  2 black bears
  An ogre (D:4)
  6 centaurs
  2 phantoms
  5 kobold brigands
  Blork the orc (D:5)
  2 bullfrogs (D:7)
  A gnoll sergeant (D:5)
  3 scorpions
  Dowan (D:5)
  10 wights
  4 howler monkeys
  5 jellies (D:6)
  2 orc priests
  4 hounds
  A sleepcap (D:6)
  4 iguanas
  Ijyb (D:3)
  Terence (D:3)
  9 orc wizards
  4 gnolls (D:5)
  10 adders
  2 shadow imps
  A white imp (D:8)
  2 ufetubi (D:5)
  3 dart slugs
  25 orcs
  6 ball pythons
  12 endoplasms
  A giant cockroach (D:2)
  16 goblins
  7 hobgoblins
  11 jackals
  5 quokkas
  5 bats
  2 frilled lizards
  9 kobolds
  3 rats
223 creatures vanquished.

Notes
Turn   | Place    | Note
-------+----------+-------------------------------------------
     0 | D:1      | qw the Gargoyle Fighter began the quest for the Orb.
     0 | D:1      | Reached XP level 1. HP: 14/14 MP: 1/1
     0 | D:1      | 0 ||| qw: Version: 0.2-a-123-gb51047a
     0 | D:1      | 0 ||| qw: Game counter: 3790
     0 | D:1      | 0 ||| qw: Always use a shield: true
     0 | D:1      | 0 ||| qw: God list: Okawaru
     0 | D:1      | 0 ||| qw: Allow faded altars: false
     0 | D:1      | 0 ||| qw: Do Orc after D:15 true
     0 | D:1      | 0 ||| qw: Do second Lair branch before Depths: true
     0 | D:1      | 0 ||| qw: Lair rune preference: random
     0 | D:1      | 0 ||| qw: Plans: Normal, Zot:1-4, Slime:5, God:TSO, Crypt,
                  | Tomb, Abyss, Pan, Hells, Win
     0 | D:1      | 0 ||| PLANNING D:1-11
    35 | D:1      | Reached skill level 2 in Axes
    36 | D:1      | 36 ||| Stepping ~*~*~tactically~*~*~ (water).
   165 | D:1      | Reached XP level 2. HP: 19/19 MP: 2/2
   238 | D:1      | 238 ||| DROPPING +0 club.
   246 | D:1      | 246 ||| Stepping ~*~*~tactically~*~*~ (stealth).
   247 | D:1      | 247 ||| Stepping ~*~*~tactically~*~*~ (stealth).
   302 | D:1      | 302 ||| Stepping ~*~*~tactically~*~*~ (stealth).
   334 | D:1      | Reached skill level 3 in Axes
   428 | D:1      | 428 ||| Stepping ~*~*~tactically~*~*~ (hiding).
   431 | D:1      | Found a transporter.
   435 | D:1      | Reached XP level 3. HP: 23/23 MP: 3/3
   536 | D:1      | Found Fiul's Magic Scroll Emporium.
   693 | D:1      | 693 ||| Stepping ~*~*~tactically~*~*~ (hiding).
   833 | D:1      | Reached skill level 1 in Throwing
   877 | D:1      | Found Nirrich's Jewellery Shop.
   880 | D:1      | 880 ||| SHOPLISTING +5 ring of evasion (396 gold, have 36).
   880 | D:1      | 880 ||| SHOPLISTING amulet of faith (440 gold, have 36).
   880 | D:1      | 880 ||| SHOPLISTING ring "Leosmud" {Fly Slay+2} (361 gold,
                  | have 36).
   880 | D:1      | 880 ||| SHOPLISTING ring of protection from cold (275 gold,
                  | have 36).
   880 | D:1      | 880 ||| SHOPLISTING ring of see invisible (165 gold, have
                  | 36).
   916 | D:1      | Found a transporter.
   919 | D:1      | 919 ||| UPGRADING to amulet of regeneration.
   924 | D:1      | 924 ||| READING scroll labelled MEYT SAHEOX.
   925 | D:1      | 925 ||| READING scroll labelled WAWUUTW UBLU.
   928 | D:1      | 928 ||| READING scroll labelled EPSOM WIOCOU.
   928 | D:1      | Identified a scroll of acquirement
   928 | D:1      | 928 ||| ACQUIRING +2 broad axe of venom
   928 | D:1      | Acquired a +2 broad axe of venom
   930 | D:1      | 930 ||| SWAPPING to +2 broad axe of venom.
   931 | D:1      | 931 ||| DROPPING +0 war axe.
   932 | D:1      | 932 ||| READING scroll labelled MESMUE VIUK.
   952 | D:2      | Found a white marble altar of Elyvilon.
  1008 | D:2      | Found a faded altar of an unknown god.
  1150 | D:2      | 1150 ||| Stepping ~*~*~tactically~*~*~ (stealth).
  1165 | D:2      | Reached XP level 4. HP: 28/28 MP: 4/4
  1300 | D:2      | 1300 ||| Stepping ~*~*~tactically~*~*~ (stealth).
  1357 | D:2      | Reached skill level 4 in Axes
  1465 | D:2      | Identified the +10 spear of the Elven Halls {freeze, Int+2
                  | Dex+6}
  1666 | D:2      | 1666 ||| UPGRADING to +0 pair of boots.
  1671 | D:2      | 1671 ||| UPGRADING to ring of willpower.
  1672 | D:2      | 1672 ||| READING scroll labelled EVEZIE NOUNN.
  1673 | D:2      | 1673 ||| READING scroll labelled UKLEGE WEESI.
  1674 | D:2      | 1674 ||| DRINKING 2 ruby potions.
  1752 | D:3      | Found an ancient bone altar of Kikubaaqudgha.
  1757 | D:3      | Found a shadowy altar of Dithmenos.
  1760 | D:3      | 1760 ||| DROPPING +1 ring mail of positive energy.
  1761 | D:3      | 1761 ||| DRINKING 2 murky white potions.
  1870 | D:3      | Reached XP level 5. HP: 32/32 MP: 5/5
  1896 | D:3      | Noticed Terence
  1899 | D:3      | Killed Terence
  1902 | D:3      | 1902 ||| DROPPING +0 whip.
  2070 | D:3      | 2070 ||| DROPPING +0 flail.
  2089 | D:3      | Noticed Sigmund
  2094 | D:3      | Killed Sigmund
  2095 | D:3      | Reached skill level 5 in Axes
  2095 | D:3      | Reached XP level 6. HP: 37/37 MP: 6/6
  2213 | D:3      | 2213 ||| FLEEEEING.
  2267 | D:3      | 2267 ||| Stepping ~*~*~tactically~*~*~ (hiding).
  2389 | D:3      | 2389 ||| Stepping ~*~*~tactically~*~*~ (hiding).
  2512 | D:3      | Noticed Ijyb
  2513 | D:3      | 2513 ||| Stepping ~*~*~tactically~*~*~ (stealth).
  2515 | D:3      | 2515 ||| Stepping ~*~*~tactically~*~*~ (stealth).
  2527 | D:3      | Killed Ijyb
  2678 | D:3      | 2678 ||| Stepping ~*~*~tactically~*~*~ (stealth).
  2681 | D:3      | 2681 ||| Stepping ~*~*~tactically~*~*~ (hiding).
  2715 | D:3      | 2715 ||| Stepping ~*~*~tactically~*~*~ (stealth).
  2717 | D:3      | 2717 ||| Stepping ~*~*~tactically~*~*~ (stealth).
  2736 | D:3      | Found a runed translucent door.
  2737 | D:3      | Noticed Crazy Yiuf
  2740 | D:3      | 2740 ||| UPGRADING to +0 chain mail.
  2750 | D:3      | 2750 ||| DROPPING +0 scale mail.
  2751 | D:3      | 2751 ||| UPGRADING to ring of protection from cold.
  2752 | D:3      | 2752 ||| READING scroll labelled HOAKE ARGHIE.
  2753 | D:3      | 2753 ||| READING 2 scrolls of identify.
  2753 | D:3      | 2753 ||| IDENTIFYING red potion
  2754 | D:3      | 2754 ||| DROPPING potion of enlightenment.
  2898 | D:4      | Reached skill level 6 in Axes
  2917 | D:4      | 2917 ||| DROPPING +2 flail of holy wrath.
  2957 | D:4      | Found a staircase to the Ecumenical Temple.
  2958 | D:4      | 2958 ||| PLANNING TEMPLE
  2958 | D:4      | 2958 ||| READING scroll labelled YLYRUE MITS.
  2974 | D:4      | Reached skill level 1 in Dodging
  2974 | D:4      | Reached XP level 7. HP: 43/43 MP: 7/7
  2975 | Temple   | Entered the Ecumenical Temple
  3006 | Temple   | 3006 ||| PLANNING OKAWARU WORSHIP
  3128 | Temple   | Became a worshipper of Warmaster Okawaru
  3128 | Temple   | 3128 ||| PLANNING D:1-11
  3482 | D:4      | 3482 ||| Stepping ~*~*~tactically~*~*~ (hiding).
  3483 | D:4      | 3483 ||| Stepping ~*~*~tactically~*~*~ (hiding).
  3512 | D:4      | 3512 ||| Stepping ~*~*~tactically~*~*~ (stealth).
  3580 | D:4      | 3580 ||| DRINKING 3 lumpy orange potions.
  3581 | D:4      | 3581 ||| DROPPING 2 potions of invisibility.
  3588 | D:5      | Entered Level 5 of the Dungeon
  3595 | D:5      | Noticed Menkaure
  3596 | D:5      | 3596 ||| Stepping ~*~*~tactically~*~*~ (hiding).
  3604 | D:5      | Killed Menkaure
  3786 | D:5      | Reached skill level 7 in Axes
  3786 | D:5      | Reached XP level 8. HP: 48/48 MP: 8/8
  3850 | D:5      | 3850 ||| Stepping ~*~*~tactically~*~*~ (hiding).
  3972 | D:5      | Noticed Blork the orc
  3982 | D:5      | Killed Blork the orc
  3982 | D:5      | Reached * piety under Okawaru
  4016 | D:5      | Noticed Duvessa
  4017 | D:5      | 4017 ||| INVOKING Heroism.
  4021 | D:5      | Killed Duvessa
  4021 | D:5      | Noticed Dowan
  4030 | D:5      | Killed Dowan
  4053 | D:5      | Reached skill level 1 in Invocations
  4194 | D:5      | Noticed Eustachio
  4195 | D:5      | 4195 ||| INVOKING Heroism.
  4202 | D:5      | Killed Eustachio
  4289 | D:5      | Reached skill level 8 in Axes
  4306 | D:5      | 4306 ||| Stepping ~*~*~tactically~*~*~ (stealth).
  4314 | D:5      | 4314 ||| Stepping ~*~*~tactically~*~*~ (hiding).
  4321 | D:5      | 4321 ||| Stepping ~*~*~tactically~*~*~ (hiding).
  4327 | D:5      | Reached skill level 6 in Fighting
  4342 | D:5      | 4342 ||| Stepping ~*~*~tactically~*~*~ (stealth).
  4343 | D:5      | 4343 ||| Stepping ~*~*~tactically~*~*~ (stealth).
  4349 | D:5      | 4349 ||| Stepping ~*~*~tactically~*~*~ (stealth).
  4426 | D:5      | Reached XP level 9. HP: 52/55 MP: 8/10
  4470 | D:5      | 4470 ||| UPGRADING to +0 pair of gloves.
  4475 | D:5      | 4475 ||| UPGRADING to amulet of reflection.
  4485 | D:5      | 4485 ||| DROPPING amulet of regeneration.
  4486 | D:5      | 4486 ||| UPGRADING to ring of see invisible.
  4488 | D:5      | 4488 ||| READING scroll labelled KITAEC ITUASO.
  4489 | D:5      | 4489 ||| READING scroll labelled FIHULI MUKHI.
  4527 | D:5      | 4527 ||| DRINKING 2 pink potions.
  4528 | D:5      | 4528 ||| DRINKING 2 potions of curing.
  4528 | D:5      | 4528 ||| (to cure confusion)
  4529 | D:5      | 4529 ||| DROPPING potion of ambrosia.
  4675 | D:6      | 4675 ||| INVOKING Heroism.
  4805 | D:6      | Noticed Maggie
  4811 | D:6      | 4811 ||| INVOKING Heroism.
  4818 | D:6      | Killed Maggie
  5154 | D:6      | Reached skill level 9 in Axes
  5154 | D:6      | Reached skill level 3 in Invocations
  5237 | D:6      | 5237 ||| INVOKING Heroism.
  5245 | D:6      | Reached ** piety under Okawaru
  5253 | D:6      | 5253 ||| INVOKING Heroism.
  5424 | D:6      | 5424 ||| Stepping ~*~*~tactically~*~*~ (hiding).
  5427 | D:6      | 5427 ||| INVOKING Heroism.
  5432 | D:6      | Reached skill level 3 in Throwing
  5507 | D:6      | 5507 ||| INVOKING Heroism.
  5867 | D:6      | 5867 ||| READING 2 scrolls of identify.
  5867 | D:6      | 5867 ||| IDENTIFYING smoky blue potion
  5908 | D:7      | 5908 ||| INVOKING Heroism.
  5914 | D:7      | 5914 ||| Stepping ~*~*~tactically~*~*~ (stealth).
  5915 | D:7      | 5915 ||| Stepping ~*~*~tactically~*~*~ (stealth).
  5916 | D:7      | 5916 ||| Stepping ~*~*~tactically~*~*~ (stealth).
  5919 | D:7      | 5919 ||| Stepping ~*~*~tactically~*~*~ (stealth).
  5922 | D:7      | 5922 ||| INVOKING Heroism.
  5924 | D:7      | 5924 ||| Stepping ~*~*~tactically~*~*~ (hiding).
  5931 | D:7      | Reached XP level 10. HP: 29/63 MP: 11/13
  5931 | D:7      | 5931 ||| STAIRDANCE
  6233 | D:7      | 6233 ||| Stepping ~*~*~tactically~*~*~ (stealth).
  6236 | D:7      | 6236 ||| Stepping ~*~*~tactically~*~*~ (hiding).
  6237 | D:7      | 6237 ||| Stepping ~*~*~tactically~*~*~ (hiding).
  6238 | D:7      | 6238 ||| Stepping ~*~*~tactically~*~*~ (hiding).
  6239 | D:7      | 6239 ||| Stepping ~*~*~tactically~*~*~ (hiding).
  6240 | D:7      | 6240 ||| Stepping ~*~*~tactically~*~*~ (hiding).
  6241 | D:7      | 6241 ||| INVOKING Heroism.
  6244 | D:7      | Reached skill level 10 in Axes
  6643 | D:7      | 6643 ||| UPGRADING to +0 helmet.
  6648 | D:7      | 6648 ||| READING scroll labelled DEDE SUXIO.
  6704 | D:8      | Reached skill level 6 in Armour
  6746 | D:8      | 6746 ||| Stepping ~*~*~tactically~*~*~ (hiding).
  6781 | D:8      | 6781 ||| Stepping ~*~*~tactically~*~*~ (stealth).
  6812 | D:8      | 6812 ||| Stepping ~*~*~tactically~*~*~ (stealth).
  6815 | D:8      | 6815 ||| Stepping ~*~*~tactically~*~*~ (hiding).
  6885 | D:8      | Found a broken altar of Ashenzari.
  7009 | D:8      | 7009 ||| Stepping ~*~*~tactically~*~*~ (stealth).
  7011 | D:8      | 7011 ||| Stepping ~*~*~tactically~*~*~ (hiding).
  7016 | D:8      | 7016 ||| Stepping ~*~*~tactically~*~*~ (hiding).
  7018 | D:8      | 7018 ||| DRINKING potion of curing.
  7018 | D:8      | 7018 ||| (to cure confusion)
  7137 | D:8      | 7137 ||| Stepping ~*~*~tactically~*~*~ (hiding).
  7138 | D:8      | 7138 ||| Stepping ~*~*~tactically~*~*~ (hiding).
  7141 | D:8      | 7141 ||| Stepping ~*~*~tactically~*~*~ (hiding).
  7142 | D:8      | 7142 ||| Stepping ~*~*~tactically~*~*~ (hiding).
  7431 | D:8      | Noticed a centaur warrior
  7432 | D:8      | 7432 ||| Stepping ~*~*~tactically~*~*~ (hiding).
  7438 | D:8      | Killed a centaur warrior
  7438 | D:8      | Reached *** piety under Okawaru
  7439 | D:8      | Reached skill level 6 in Shields
  7462 | D:8      | 7462 ||| READING scroll labelled HEYDGH SIGAUCRI.
  7463 | D:8      | 7463 ||| READING 3 scrolls of identify.
  7463 | D:8      | 7463 ||| IDENTIFYING glowing emerald potion
  7464 | D:8      | 7464 ||| READING 2 scrolls of identify.
  7464 | D:8      | 7464 ||| IDENTIFYING purple potion
  7465 | D:8      | 7465 ||| DROPPING potion of brilliance.
  7526 | D:9      | 7526 ||| Stepping ~*~*~tactically~*~*~ (hiding).
  7527 | D:9      | 7527 ||| Stepping ~*~*~tactically~*~*~ (hiding).
  7528 | D:9      | 7528 ||| Stepping ~*~*~tactically~*~*~ (hiding).
  7530 | D:9      | 7530 ||| INVOKING Heroism.
  7571 | D:9      | 7571 ||| Stepping ~*~*~tactically~*~*~ (hiding).
  7572 | D:9      | 7572 ||| Stepping ~*~*~tactically~*~*~ (stealth).
  7576 | D:9      | Received a gift from Okawaru
  7583 | D:9      | 7583 ||| INVOKING Heroism.
  7591 | D:9      | Reached skill level 11 in Axes
  7594 | D:9      | Reached XP level 11. HP: 58/68 MP: 12/14
  7598 | D:9      | 7598 ||| INVOKING Heroism.
  7604 | D:9      | Reached **** piety under Okawaru
  7605 | D:9      | Reached skill level 9 in Fighting
  7715 | D:9      | 7715 ||| Stepping ~*~*~tactically~*~*~ (stealth).
  7927 | D:9      | Found a staircase to the Lair.
  7929 | D:9      | 7929 ||| Stepping ~*~*~tactically~*~*~ (hiding).
  7937 | D:9      | 7937 ||| INVOKING Heroism.
  7946 | D:9      | HP: 11/71 [orc priest/divine providence (13)]
  7946 | D:9      | Slain by a komodo dragon

Levels and vault maps discovered:
D:1:      lightli_arrival_isolated_outpost, layout_loops_ring, serial_shops,
          nicolae_shop_drivethru, nicolae_shop_behind_doors
D:2:      layout_loops_ring, hellmonk_ecumenical_altar_pennies_from_heaven,
          basic_altar
D:3:      kennysheep_goblin_castle, layout_loops_cross, jmf_multi_god_temple,
          uniq_sigmund, uniq_crazy_yiuf_cottage, uniq_terence
D:4:      layout_basic, minmay_temple_entry_ruins
D:5:      layout_loops_cross, minmay_fountain_box, corner_web_ring,
          chequers_hall_statues_y, minivault_4, uniq_menkaure,
          uniq_blork_the_orc, uniq_duvessa, uniq_eustachio
D:6:      cheibrodos_fertilizer, layout_basic, uniq_maggie
D:7:      layout_layer_cave
D:8:      layout_loops_ring, cheibrodos_ashenzari_chains,
          small_chamber_with_monster
D:9:      layout_rooms, david_lair_shrubbed, st_stairs_9
Temple:   regret_index_temple_chain_breaker

Skill      XL: |  1  2  3  4  5  6  7  8  9 10 11 |
---------------+----------------------------------+-----
Axes           | 2 3 4 5 6 7 8 9 11 | 11.0
Throwing       | 1 2 3 |  3.0
Fighting       | 4 6 7 8 9 |  9.1
Dodging        | 1 2 |  2.3
Invocations    | 2 4 5 |  5.4
Armour         | 4 5 6 7 |  7.0
Shields        | 4 6 |  6.2

Action                     |  1- 3 |  4- 6 |  7- 9 | 10-12 || total
---------------------------+-------+-------+-------+-------++-------
  Melee: War axe           |    71 |       |       |       ||    71
         Broad axe         |    19 |   118 |   164 |   150 ||   451
  Throw: Javelin           |    29 |    24 |    22 |     4 ||    79
         Boomerang         |     3 |    12 |    32 |    21 ||    68
 Invoke: Heroism           |       |       |    10 |     5 ||    15
    Use: Scroll            |     4 |     5 |     3 |     4 ||    16
         Potion            |       |     2 |     3 |     1 ||     6
 Armour: Scale mail        |    49 |    67 |       |       ||   116
         Chain mail        |       |     9 |    80 |    72 ||   161
  Dodge: Dodged            |    38 |    50 |    46 |    69 ||   203
  Block: Buckler           |    20 |    29 |    48 |    89 ||   186
         Reflection        |       |       |     2 |     5 ||     7

Table legend:
 A = Non-vault XP
 B = Vault XP
 C = Vault XP percentage of total XP
 D = Non-vault monster count
 E = Vault monster count
 F = Vault count percentage of total count
                 A         B        C        D         E       F
            +---------+---------+-------+---------+---------+-------
      Total |    8840 |    3673 |  29.4 |     179 |      44 |  19.7
            +---------+---------+-------+---------+---------+-------
        D:1 |      47 |       0 |   0.0 |      24 |       0 |   0.0
        D:2 |     100 |       0 |   0.0 |      26 |       0 |   0.0
        D:3 |      71 |     334 |  82.5 |      13 |      16 |  55.2
        D:4 |     455 |       0 |   0.0 |      19 |       0 |   0.0
        D:5 |     694 |     669 |  49.1 |      18 |       5 |  21.7
        D:6 |     400 |    1633 |  80.3 |       9 |      20 |  69.0
        D:7 |     927 |       0 |   0.0 |      16 |       0 |   0.0
        D:8 |    1323 |     830 |  38.6 |      19 |       1 |   5.0
        D:9 |    4823 |     207 |   4.1 |      35 |       2 |   5.4
            +---------+---------+-------+---------+---------+-------
